← All builds
Tech / Armada / Economy first / OBSERVED BUILD

Standard tech

Armada Tech (Eco) build order · Supreme Isthmus

Rushes T2 factory and T2 constructor early, upgrades team mexes, and supplies the team with T2 constructors while transitioning into eco and defensive units.

Usually first T2 con to Geo (82%)

#t2 #eco #team support · 1791 distinct matches · 273 players · 60% of Armada Tech games · team won 54% of 2118 · Recently observed

HOW TO PLAY IT

Key timing: T2 factory by 4:15

  1. Open 3 mex and heavy wind to fund a fast T2 rush.
  2. Put down Bot Lab, planning to eat it for reclaim soon after.
  3. Get Advanced Bot Lab up, hitting the T2 factory rush timing.
  4. Upgrade mex to Advanced Metal Extractor to lock in team metal income.
  5. Eat Advanced Bot Lab and keep sending cons to Geo and Pond.

Phase by phase

TYPICAL OF ITS 1791 GAMES
  1. 1
  2. 2
  3. 3
  4. 4
PLAY THE OPENING

Follow the example game's first 6:00 step by step: what to build now, what comes next, and where it goes. At 1× it keeps pace with your own game.

  1. 1

    Up to the Bot Lab

    Economy
    • Metal Extractor3Mex
    • Wind Turbine4Wind
    Order
    1. Bot LabBot Lab after 3 mex, 4 winddone ~1:18, middle half 1:13–1:32

    Some games also: energy storage (32%)

    By 1:01 in all: 3 mex · 4 wind

    The example game in this phase · 3 steps
    1. Mex ×3
    2. Wind ×4
    3. Bot LabBot Labdone 1:17 · typical 1:18
  2. 2

    Bot Lab to Advanced Bot Lab

    Economy
    • Metal Extractor1Mex
    • Wind Turbine8Wind
    • Energy Storage1Energy storage
    Order
    1. Advanced Bot LabAdvanced Bot Lab after 4 mex, 12 wind, 3 con turretdone ~4:16, middle half 4:04–4:30
    Builders
    • Construction Turret3 Con turret
    • Lazarus3 Lazarus
    • Construction Bot2 Con bot
    • Construction Bot1 Con bot for allies

    Some games also: converter (36%)

    By 3:18 in all: 4 mex · 12 wind · 1 energy storage · 3 con turret

    The example game in this phase · 15 steps
    1. Wind
    2. LazarusLazarus
    3. Wind
    4. LazarusLazarus
    5. Wind ×3
    6. Construction BotCon bot
    7. Wind ×3
    8. Construction BotCon botfor Air
    9. Energy storage
    10. Construction BotCon bot
    11. Wind
    12. Mex
    13. Converter ×2
    14. Con turret ×3
    15. Advanced Bot LabAdvanced Bot Labdone 4:28 · typical 4:16
  3. 3

    Advanced Bot Lab to 5:00

    Economy
    • Wind Turbine3Wind
    Order
    1. Bot LabEat Bot Lab
    Builders
    • Advanced Construction Bot1 T2 con bot for allies

    Some games also: converter (35%)

    By 5:00 in all: 4 mex · 15 wind · 1 converter · 1 energy storage · 3 con turret

    The example game in this phase · 4 steps
    1. Bot LabEat Bot Labreclaimed for its metal
    2. Advanced Construction BotT2 con bot ×2for Geo
    3. Advanced Metal ExtractorT2 mexdone 5:13 · typical 5:28
    4. FatboyFatboyfor Ponddone 5:33
  4. 4

    5:00 to 10:00

    Economy
    • Wind Turbine43Wind
    • Energy Converter6Converter
    Builders
    • Butler9 Butler
    • Advanced Construction Bot4 T2 con bot for allies
    • Advanced Construction Bot1 T2 con bot

    Some games also: con turret (42%) · Butler for allies (36%)

    By 10:00 in all: 4 mex · 59 wind · 8 converter · 1 energy storage · 3 con turret

    The example game in this phase · 98 steps
    1. Advanced Construction BotT2 con botfor Geo sea
    2. Advanced Metal ExtractorT2 mex ×2
    3. Advanced Construction BotT2 con bot ×2for Beach sea
    4. ButlerButler ×2
    5. Advanced Metal ExtractorT2 mex
    6. ButlerButler ×7
    7. Wind ×2
    8. ButlerButlerfor Beach sea
    9. Wind ×10
    10. Advanced Construction BotT2 con bot
    11. Wind ×8
    12. Converter
    13. Wind ×2
    14. Advanced Construction BotT2 con botfor Front
    15. Wind
    16. Converter
    17. Wind ×7
    18. Advanced Construction BotT2 con bot
    19. Wind ×2
    20. Converter
    21. Wind ×9
    22. Advanced Metal ExtractorT2 mex
    23. Wind ×4
    24. Converter
    25. Wind ×7
    26. Converter
    27. SprinterSprinterfor Geo sea
    28. Wind
    29. Converter
    30. Wind ×3
    31. SprinterSprinterfor Geo sea
    32. Wind ×2
    33. Converter
    34. Wind ×3
    35. SprinterSprinterfor Geo sea
    36. Wind ×2
    37. Converter
    38. Wind ×4
    39. SprinterSprinterfor Geo sea
    40. Wind
    41. Metal storage
    42. Wind
    43. Converter
    44. Wind ×11
    45. Converter
    46. SprinterSprinter
    47. Wind ×9
    48. Converter
    49. Wind ×6
    50. RecluseReclusedone 10:42
    51. Wind ×8
    52. Converter
    53. Wind ×6
    54. Converter
    55. Wind ×6
    56. T2 converter
    57. Wind ×20
    58. Advanced Bot LabEat Advanced Bot Labreclaimed for its metal
    59. Wind ×15
    60. T2 converter
    61. Wind ×8
    62. Con turret
    63. Wind ×4
    64. Con turret
    65. Wind ×11
    66. Con turret
    67. Wind ×5
    68. Con turret
    69. Wind ×3
    70. Con turret
    71. Wind ×6
    72. T2 converter
    73. Wind ×13
    74. T2 converter
    75. Wind ×14
    76. CitadelAnti-nukedone 14:15
    77. Wind ×10
    78. Con turret
    79. Wind ×3
    80. Metal storage
    81. Con turret
    82. Wind ×9
    83. Con turret
    84. Wind ×3
    85. Con turret
    86. Wind ×7
    87. Con turret
    88. Wind
    89. Con turret
    90. Wind ×11
    91. Aircraft PlantAircraft Plantdone 14:37
    92. Wind
    93. Advanced Fusion ReactorAdvanced Fusion Reactornot finished by 15:00
    94. Wind ×2
    95. Construction AircraftCon aircraft
    96. Wind ×6
    97. Advanced Aircraft PlantAdvanced Aircraft Plantdone 14:59
    98. Wind ×11

Counts are medians over the build's games: half of them build more, half fewer. The example game is Deathkebab's (35 OS, 16/10/2026); pick another.

Team trades

IN AT LEAST 30% OF ITS GAMES

You hand over

  • Construction Bot1 Con bot to Airfirst at 2:23 · in 83% of games
  • Advanced Construction Bot5 T2 con bot to Air or Geo sea or Pondfirst at 4:51 · in 99% of games
  • Butler2 Butler to Geo sea or Beach sea or Pondfirst at 9:06 · in 42% of games

You get

  • Hercules1 Light transport from Airfirst at 4:01 · in 86% of games

How it plays out

Typical game of this build, running totals by minute

Metal produced

020k40k
0:005:0010:0015:00

metal

Enemy metal destroyed

050100
0:005:0010:0015:00

metal

Own metal lost

050100150
0:005:0010:0015:00

metal

2118 games.

Show as table
ByMetal produced: This buildEnemy metal destroyed: This buildOwn metal lost: This build
1:0038300
2:0091500
3:00165600
4:00314900
5:00484700
6:00580700
7:00724800
8:00908800
9:001121700
10:001354500
11:001626000
12:001968100
13:002346900
14:0027368074
15:003159092130
WHAT THE NUMBERS SAY

Standard Tech play barely fights at all early, instead pouring metal into T2 infrastructure and constructors for the team.

  • + Metal produced hits 31679 by 15:00, by far the highest of any role here.
  • + T2 factory reached in 97% of games by 4:15, fastest and most reliable T2 timing.
  • − Enemy metal destroyed stays at 0 through 10:00, no early offense at all.
  • − Own metal lost also near 0, showing total avoidance of combat risk.
THE EXAMPLE YOU ARE READING

Deathkebab

35.0 OS · 16/10/2026

Open source match ↗

2 received units
4244 metal received · 87557 energy received

Allied construction assistance is unknown. Timings are observations, not a promise of solo reproducibility.

Typical milestones

Bot Lab1:18Middle 50%: 1:13–1:32 · n=2118
Advanced Bot Lab4:16Middle 50%: 4:04–4:30 · n=2111
Advanced Metal Extractor5:28Middle 50%: 5:05–5:58 · n=2114

Played most by

Amrissa97games of this buildTheGeneraI70games of this buildAdeus62games of this buildUncle_Cane60games of this buildCrouxy54games of this build
Standard tech · Armada Tech (Eco) build order · BAR Build Atlas